 Dungeon Crawl Stone Soup version 0.31.0-1-g2c135a008e (webtiles) character file.

Game seed: 9242301358492665962

87 qw the Shooter (level 4, 0/35 HPs)
             Began as a Djinni Hunter on Jan 23, 2024.
             Killed from afar by Ijyb (4 damage)
             ... with a puff of flame
             ... on level 3 of the Dungeon.
             The game lasted 00:00:06 (1711 turns).

qw the Shooter (Djinni Hunter)                      Turns: 1711, Time: 00:00:06

Health: 0/35       AC:  5    Str: 10    XL:     4   Next: 80%
Gold:   65         EV: 11    Int: 10    God:
                   SH:  0    Dex: 19

rFire   + + .        a - +0 shortbow
rCold   x . .        (shield currently unavailable)
rNeg    . . .        e - +0 ring mail
rPois   inf          (no helmet)
rElec   .            (no cloak)
rCorr   .            (no gloves)
SInv    .            (boots unavailable)
Will    .....        (no amulet)
Stlth   +            (no ring)
HPRegen 0.25/turn    (no ring)
MPRegen 0.00/turn

%: infuse magic (-1 HP)
@: flying
A: sickness immunity, fire resistance 2, cold vulnerability 1, float, innate
caster, HP casting, extra vitality 1
a: no special abilities


You were on level 3 of the Dungeon.
You visited 1 branch of the dungeon, and saw 3 of its levels.

You collected 65 gold pieces.


Innate Abilities, Weirdness & Mutations

You are immune to sickness and miasma.
You are immune to poison.
Your flesh is very heat resistant. (rF++)
You are vulnerable to cold. (rC-)
You float through the air rather than walking.
You learn spells naturally, not from books.
Your magical power is your life essence.
You have superior vitality. (+4 MHP)


   Skills:
 - Level 3.0 Fighting
 + Level 4.2 Ranged Weapons
 - Level 1.0 Armour
 - Level 2.1 Dodging
 - Level 0.7 Stealth


You knew the following spells:

 Your Spells              Type           Power      Damage    Failure   Level
a - Kiss of Death         Conj/Necr      0%         2d5       67%         1
Your spell library was empty.

Inventory:

Hand Weapons
 a - a +0 shortbow (weapon)
Armour
 e - a +0 ring mail (worn)
Scrolls
 c - a scroll of brand weapon {unknown}
 f - a scroll of enchant weapon {unknown}
 g - a scroll of identify
Potions
 b - a potion of cancellation {unknown}
 d - 2 potions of might {unknown}
 i - a potion of enlightenment

Dungeon Overview and Level Annotations

Branches:
Dungeon (3/15)

Altars:

Shops:
D:1 *

Annotations:
D:2 1 runed translucent door, Crazy Yiuf
D:3 Ijyb


Message History

Ijyb closely misses you.
You shoot an arrow. The arrow hits Ijyb!
Ijyb is severely wounded.
Ijyb zaps a wand.
The puff of flame misses you.
You shoot an arrow. The arrow hits Ijyb.
Ijyb is severely wounded.
Ijyb closely misses you. Ijyb hits you but does no damage.
You shoot an arrow. The arrow hits Ijyb.
Ijyb is almost dead.
Ijyb screams, "You nasty!
Big nasty!"
Ijyb zaps a wand.
The puff of flame hits you. You resist.
You shoot an arrow. The arrow barely misses Ijyb.
Ijyb hits you but does no damage.
You shoot an arrow. The arrow hits Ijyb.
Ijyb is almost dead.
You hear an angry hiss.
Ijyb hits you with a +0 dagger.
An adder comes into view.
You shoot an arrow. The arrow hits Ijyb.
Ijyb is almost dead.
Ijyb completely misses you. Ijyb barely misses you.
You shoot an arrow. The arrow closely misses Ijyb.
The arrow misses the adder.
Ijyb zaps a wand.
The puff of flame hits you but does no damage.
You resist.
You shoot an arrow. The arrow closely misses Ijyb.
The arrow barely misses the adder.
Ijyb hits you with a +0 dagger.
You shoot an arrow. The arrow barely misses Ijyb.
The arrow hits the adder!
The adder is severely wounded.
Ijyb zaps a wand.
The puff of flame hits you. You resist. Ijyb closely misses you.
You shoot an arrow. The arrow hits Ijyb but does no damage.
Ijyb is almost dead.
Ijyb hits you with a +0 dagger.
You shoot an arrow. The arrow closely misses Ijyb.
The arrow barely misses the adder.
Ijyb screams, "Level is mine!
All mine!"
Ijyb zaps a wand.
The puff of flame hits you. You resist.
You die...

# ############.##
#.........@gS.#
#.##########..#
#.########......#
##.#..........
#.# #...........#
.. #.............
# #..#.#########
#..#.#
####..#.####


You could see Ijyb and an adder.

Vanquished Creatures
  5 adders
  3 dart slugs
  4 ball pythons (D:1)
  A bat (D:1)
  3 endoplasms
  2 giant cockroaches
  6 goblins
  2 hobgoblins
  2 jackals (D:2)
  3 kobolds (D:2)
  2 frilled lizards (D:2)
  2 rats (D:2)
35 creatures vanquished.

Notes
Turn   | Place    | Note
-------+----------+-------------------------------------------
     0 | D:1      | qw the Djinni Hunter began the quest for the Orb.
     0 | D:1      | Reached XP level 1. HP: 18/18 MP: 0/0
     0 | D:1      | 0 ||| qw: Version: 0.3-a-134-g2ba4250
     0 | D:1      | 0 ||| qw: Game counter: 721
     0 | D:1      | 0 ||| qw: Melee chars always use a shield: true
     0 | D:1      | 0 ||| qw: God list: Okawaru
     0 | D:1      | 0 ||| qw: Allow faded altars: false
     0 | D:1      | 0 ||| qw: Do Orc after clearing Dungeon:15 true
     0 | D:1      | 0 ||| qw: Do second Lair branch before Depths: true
     0 | D:1      | 0 ||| qw: Lair rune preference: random
     0 | D:1      | 0 ||| qw: Goals: Normal
     0 | D:1      | 0 ||| PLANNING D:1-11
    76 | D:1      | Found Qureb's Assorted Antiques.
    85 | D:1      | 85 ||| SHOPLISTING coppery potion (26 gold, have 0).
    85 | D:1      | 85 ||| SHOPLISTING ring mail (116 gold, have 0).
    85 | D:1      | 85 ||| SHOPLISTING runed gold wand (116 gold, have 0).
    85 | D:1      | 85 ||| SHOPLISTING scroll labelled OLOEDO AL DURI (29 gold,
                  | have 0).
    85 | D:1      | 85 ||| SHOPLISTING scroll labelled RILLUBBUNK (29 gold,
                  | have 0).
    85 | D:1      | 85 ||| SHOPLISTING smoking ring mail (261 gold, have 0).
   143 | D:1      | Reached XP level 2. HP: 18/23 MP: 0/0
   823 | D:1      | 823 ||| UPGRADING to +0 ring mail.
   833 | D:1      | 833 ||| DROPPING +0 leather armour.
   834 | D:1      | 834 ||| READING 4 scrolls labelled KANIDGHIU SYTA.
   935 | D:1      | 935 ||| READING 2 scrolls labelled HUSOLO BOLOTUA.
   935 | D:1      | 935 ||| IDENTIFYING green potion
   936 | D:1      | 936 ||| READING scroll of identify.
   936 | D:1      | 936 ||| IDENTIFYING 2 clear potions
   937 | D:1      | 937 ||| READING scroll labelled OCUF LANERR.
   941 | D:1      | 941 ||| DROPPING scroll of butterflies.
   942 | D:1      | 942 ||| DROPPING 3 scrolls of vulnerability.
   943 | D:1      | 943 ||| DROPPING 2 potions of brilliance.
   980 | D:2      | Reached XP level 3. HP: 28/28 MP: 0/0
   980 | D:2      | Learned a level 1 spell: Kiss of Death
   983 | D:2      | Reached skill level 4 in Ranged Weapons
  1050 | D:2      | Reached skill level 1 in Armour
  1140 | D:2      | Found a faded altar of an unknown god.
  1242 | D:2      | Reached XP level 4. HP: 32/34 MP: 0/0
  1273 | D:2      | Reached skill level 3 in Fighting
  1353 | D:2      | Found a runed translucent door.
  1354 | D:2      | Noticed Crazy Yiuf
  1425 | D:2      | 1425 ||| READING scroll labelled OLOEDO AL DURI.
  1677 | D:3      | Noticed Ijyb
  1709 | D:3      | HP: 7/35 [Ijyb/puff of flame (2)]
  1710 | D:3      | HP: 3/35 [Ijyb/+0 dagger (4)]
  1711 | D:3      | Killed from afar by Ijyb

Levels and vault maps discovered:
D:1:      dpeg_arrival_radiant, layout_basic, serial_shops,
          nicolae_shop_peninsula
D:2:      layout_basic, shapermc_ecumenical_altar_mp_urbaneastern,
          minmay_stone_trees_small, uniq_crazy_yiuf_cottage
D:3:      layout_loops_ring, uniq_natasha, uniq_ijyb

Skill      XL: |  1  2  3  4 |
---------------+-------------+-----
Ranged Weapons | 4 |  4.2
Armour         | 1 |  1.0
Fighting       | 3 |  3.0
Dodging        | |  2.1
Stealth        | |  0.7

Action                     |  1- 3 |  4- 6 || total
---------------------------+-------+-------++-------
   Fire: Shortbow          |    76 |    70 ||   146
    Use: Scroll            |     4 |     1 ||     5
 Armour: Leather armour    |     7 |       ||     7
         Ring mail         |    10 |    48 ||    58
  Dodge: Dodged            |    23 |    41 ||    64

Table legend:
 A = Non-vault XP
 B = Vault XP
 C = Vault XP percentage of total XP
 D = Non-vault monster count
 E = Vault monster count
 F = Vault count percentage of total count
                 A         B        C        D         E       F
            +---------+---------+-------+---------+---------+-------
      Total |     125 |       0 |   0.0 |      35 |       0 |   0.0
            +---------+---------+-------+---------+---------+-------
        D:1 |      26 |       0 |   0.0 |      12 |       0 |   0.0
        D:2 |      84 |       0 |   0.0 |      21 |       0 |   0.0
        D:3 |      15 |       0 |   0.0 |       2 |       0 |   0.0
            +---------+---------+-------+---------+---------+-------
